 Dungeon Crawl Stone Soup version 0.22.1-1-ga44c0e5 (webtiles) character file.

89 dvd the Shield-Bearer (level 4, -5/36 HPs)
             Began as a Formicid Fighter on Sept 23, 2018.
             Killed by divine providence
             ... invoked by an orc priest
              (12 damage)
             ... on level 3 of the Dungeon.
             The game lasted 00:03:51 (1536 turns).

dvd the Shield-Bearer (Formicid Fighter)            Turns: 1536, Time: 00:03:52

Health: -5/36      AC:  8    Str: 20    XL:     4   Next: 84%
Magic:  13/13      EV:  8    Int:  8    God:
Gold:   72         SH:  9    Dex: 11    Spells: 3/3 levels left

rFire    . . .     SeeInvis +   a - +0 war axe
rCold    . . .     Gourm    .   c - +0 shield
rNeg     . . .     Faith    .   b - +0 scale mail
rPois    .         Spirit   .   (helmet unavailable)
rElec    .         Reflect  .   (no cloak)
rCorr    .         Harm     .   h - +0 pair of gloves
MR       .....                  (no boots)
Stlth    ..........             (no amulet)
HPRegen  0.12/turn              t - ring of magical power
MPRegen  0.13/turn              v - ring of teleportation (curse)

@: no status effects
A: permanent stasis, dig shafts and tunnels, four strong arms, antennae 3
a: Dig, Shaft Self


You were on level 3 of the Dungeon.
You were hungry.

You visited 1 branch of the dungeon, and saw 3 of its levels.

You collected 72 gold pieces.

Inventory:

Hand Weapons
 a - a +0 war axe (weapon)
 k - a +0 hand axe of flaming
Armour
 b - a +0 scale mail (worn)
 c - a +0 shield (worn)
 h - a +0 pair of gloves (worn)
Jewellery
 i - an uncursed ring of stealth
 q - a +4 ring of intelligence
 r - an uncursed ring of stealth
 t - a ring of magical power (left hand)
 v - a cursed ring of teleportation (right hand)
Scrolls
 e - a scroll of identify {unknown}
 l - a scroll of amnesia {unknown}
 n - 2 scrolls of teleportation {unknown}
 u - a scroll of blinking {unknown}
Potions
 d - 2 potions of might
 j - 2 potions of agility {unknown}
 m - 2 potions of ambrosia {unknown}
 o - a potion of berserk rage {unknown}
 p - a potion of resistance {unknown}
 s - a potion of mutation {unknown}
Comestibles
 f - 3 rations
 g - a chunk of flesh


   Skills:
 + Level 3.6 Fighting
 + Level 3.2 Axes
 + Level 4.0 Armour
 + Level 0.2 Dodging
 + Level 4.4 Shields


You had 3 spell levels left.
You didn't know any spells.
Your spell library was empty.

Dungeon Overview and Level Annotations

Branches:
Dungeon (3/15)

Altars:


Innate Abilities, Weirdness & Mutations

You cannot be hasted, slowed, berserked, paralysed or teleported.
You can dig through walls and to a lower floor.
Your four strong arms can wield two-handed weapons with a shield.
You have a pair of large antennae on your head. (SInv)


Message History

The puff of flame hits you! You block the orc priest's attack.
The orc wizard hits you but does no damage.
The orc wizard barely misses you.
You barely miss the orc wizard. You closely miss the orc wizard.
You hit the orc priest. You block the orc wizard's attack.
The orc priest hits you with a flail.
* * * LOW HITPOINT WARNING * * *
The orc wizard hits you but does no damage. x2
Unknown command.
Are you sure you want to shaft yourself?
You are feeling hungry.
The orc wizard casts a spell.
The orc wizard blinks!
The orc priest calls upon Beogh to heal the orc wizard.
The orc wizard's wounds heal themselves!
The orc wizard closely misses you.
You begin to dig a shaft.
You continue digging a shaft.
The orc priest mumbles some strange prayers to Beogh against you.
Beogh smites you!
You die...

######### ##.......##
##..§...≈..## .....#
##..≈.≈.§.≈..## .....#
##..§...≈...§..## .....#
##..≈.≈.≈.≈.≈.§.§## .....#
#..≈..§≈.≈.≈...§.§## .....#
..§.≈.≈@≈.≈.≈.≈.§§.# .....#
#.§...≈oo§§...§.§§§.### ..>..#
.+..§.≈.≈.≈.≈.≈.≈.≈..'.#
.....##.+...≈.§.§§§.≈.≈.≈...'.#
#.##....+..≈.§.≈{≈§§.≈.≈§≈..'.#
#)###.###.≈...§...≈...≈.§.≈.#.#
..###.## ..≈§≈.≈.§.≈.≈.≈.≈..#.#
.......###..≈§[.≈.≈.≈...≈..##.#
.###.....## ≈§≈§≈..###.#


You could see an orc priest and an orc wizard.

Vanquished Creatures
  An adder (D:3)
  3 oozes
  A worm (D:1)
  2 dart slugs (D:1)
  A leopard gecko (D:2)
  An orc (D:3)
  A giant cockroach (D:1)
  11 goblins
  7 hobgoblins
  2 jackals (D:3)
  6 kobolds
  2 quokkas
  5 bats (D:1)
  3 frilled lizards
  10 rats
56 creatures vanquished.

Notes
Turn   | Place    | Note
-------+----------+-------------------------------------------
     0 | D:1      | dvd the Formicid Fighter began the quest for the Orb.
     0 | D:1      | Reached XP level 1. HP: 18/18 MP: 1/1
    75 | D:1      | Reached XP level 2. HP: 16/24 MP: 2/2
   163 | D:1      | Reached XP level 3. HP: 22/29 MP: 3/3
   662 | D:2      | Reached XP level 4. HP: 34/35 MP: 4/4
  1536 | D:3      | Killed from afar by an orc priest

Skill      XL: |  1  2  3  4 |
---------------+-------------+-----
Shields        | 4 |  4.4
Axes           | 3 |  3.2
Armour         | 4 |  4.0
Fighting       | |  3.6
Dodging        | |  0.2

Action                   |  1- 3 |  4- 6 || total
-------------------------+-------+-------++-------
Melee: War axe           |    93 |    74 ||   167
 Abil: Shaft Self        |       |     1 ||     1
  Eat: Chunk             |       |     2 ||     2
Armor: Scale mail        |    48 |    28 ||    76
Dodge: Dodged            |    30 |    25 ||    55
Block: Shield            |    33 |    33 ||    66
